 Dungeon Crawl Stone Soup version 0.20-a0-577-g60d8699 (webtiles) character file.

7364 Asddderdsw the Digger (level 10, -20/78 HPs)
             Began as a Demigod Earth Elementalist on Feb 5, 2017.
             Demolished by a shadow (38 damage)
             ... on level 11 of the Dungeon on Feb 6, 2017.
             The game lasted 01:27:17 (10532 turns).

Asddderdsw the Digger (Demigod Earth Elementalist) Turns: 10532, Time: 01:27:17

Health: -20/78     AC: 11    Str: 11    XL:     10   Next: 60%
Magic:  32/32      EV: 15    Int: 25    God:
Gold:   785        SH:  6    Dex: 16    Spells: 4/21 levels left

rFire    . . .     SeeInvis .   G - +2 flail
rCold    . . .     Gourm    .   P - +3 steam dragon scales
rNeg     . . .     Faith    .   p - +0 buckler
rPois    .         Spirit   .   (no helmet)
rElec    .         Reflect  .   (no cloak)
rCorr    .         Harm     +   (no gloves)
MR       +....                  c - +2 pair of boots
Stlth    +++.......             x - amulet of harm
Regen    0.3/turn               v - ring of magical power
                                (no ring)

@: lethally poisoned (-20 -> -21), about to teleport, very slightly contaminated
A: high mp 1, wild magic 1
a: no special abilities


You were on level 11 of the Dungeon.
You were very hungry.

You visited 2 branches of the dungeon, and saw 12 of its levels.
You also visited: Ossuary.

You collected 785 gold pieces.

Inventory:

Hand Weapons
 b - a +1 dagger of protection
 d - a cursed -1 quarterstaff
 t - the +5 hunting sling "Arbiter" {velocity, MP+9 Int+4}
   (You found it on level 4 of the Dungeon)

   Any stone fired from it inflicts extra damage.
   It affects your intelligence (+4).
   It affects your magic capacity (+9).
 y - a +0 morningstar
 G - a +2 flail (weapon)
 H - a +0 longbow
Missiles
 f - 6 silver javelins
 h - 91 arrows
 w - 162 stones (quivered)
 D - a throwing net
Armour
 c - a +2 pair of boots (worn)
 k - the +5 scale mail of Resonance {rElec Regen+ Str-5 Slay+3}
   (You found it on level 4 of the Dungeon)

   It affects your strength (-5).
   It affects your accuracy and damage with ranged weapons and melee attacks
   (+3).
   It insulates you from electricity.
   It increases your rate of regeneration.
 p - a +0 buckler (worn)
 N - the +2 chain mail of Roycs {+Fly rF- Regen+ Dex+3}
   (You found it on level 5 of the Dungeon)

   It affects your dexterity (+3).
   It makes you vulnerable to fire.
   It lets you fly.
   It increases your rate of regeneration.
 P - +3 steam dragon scales (worn)
Jewellery
 l - an uncursed ring of poison resistance
 o - an uncursed ring of fire
 q - an uncursed ring of see invisible
 v - a ring of magical power (right hand)
 x - an amulet of harm (around neck)
 E - an uncursed amulet of regeneration
 F - an uncursed ring of protection from cold
 Q - an uncursed ring of resist corrosion
 X - an uncursed ring of flight
Wands
 g - a wand of disintegration (12/24)
 A - a wand of acid (9/15)
 I - a wand of polymorph (18/24)
 Z - a wand of random effects (14/48)
Scrolls
 J - 6 scrolls of amnesia {unknown}
 K - 2 scrolls of fog {unknown}
 L - 5 scrolls of remove curse {unknown}
 M - a scroll of vulnerability {unknown}
 O - 2 scrolls of recharging {unknown}
Potions
 r - a potion of berserk rage
 s - 3 potions of curing {unknown}
 u - a potion of invisibility {unknown}
 z - 2 potions of lignification {unknown}
 B - 3 potions of flight
 S - a potion of agility {unknown}
Books
 a - a book of Cantrips

   Spells                             Type                      Level
   a - Confusing Touch                Hexes                        1
   b - Animate Skeleton               Necromancy                   1
   c - Summon Small Mammal            Summoning                    1
   d - Apportation                    Translocation                1
 e - a book of Geomancy

   Spells                             Type                      Level
   a - Sandblast                      Earth                        1
   b - Passwall                       Transmutation/Earth          2
   c - Stone Arrow                    Conjuration/Earth            3
   d - Petrify                        Transmutation/Earth          4
   e - Lee's Rapid Deconstruction     Earth                        5
Comestibles
 R - 4 meat rations
 T - a bread ration
 U - a royal jelly
 W - 7 fruits
 Y - 2 chunks of flesh


   Skills:
 + Level 3.6 Fighting
 + Level 5.4 Maces & Flails
 - Level 1.0 Slings
 + Level 0.3 Armour
 + Level 4.7 Dodging
 + Level 4.2 Stealth
 + Level 6.3 Shields
 + Level 6.4 Spellcasting
 + Level 4.6 Conjurations
 + Level 1.1 Transmutations
 + Level 7.1 Earth Magic


You had 4 spell levels left.
You knew the following spells:

 Your Spells              Type           Power        Failure   Level  Hunger
a - Sandblast             Erth           ######       1%          1    None
b - Passwall              Tmut/Erth      #####.....   3%          2    None
c - Stone Arrow           Conj/Erth      #####.       3%          3    None
d - Petrify               Tmut/Erth      #####...     21%         4    ###....
e - Lee's Rapid Deconstr  Erth           ######....   17%         5    #####..
f - Animate Skeleton      Necr           N/A          14%         1    None
g - Apportation           Tloc           ##....       14%         1    None


Dungeon Overview and Level Annotations

Branches:
Dungeon (11/15)            Temple (1/1) D:5             Orc (0/2) D:10
   Lair: D:8-11

Annotations:
D:3 plsesad's ghost, amateur FoHu
D:9 1 runed door, RayJames's ghost, novice HuFi


Innate Abilities, Weirdness & Mutations

You have an increased reservoir of magic. (+10% MP)
Your spells are a little harder to cast, but a little more powerful.


Message History

The killer bee barely misses you.
Okay, then.
As you read the scroll of teleportation, it crumbles to dust.
You feel strangely unstable.
You feel sick.
The killer bee stings you but does no damage.
The shadow misses you.
It was a potion of magic.
Magic courses through your body.
The killer bee stings you but does no damage.
The shadow slips into darkness.
The shadow flickers and vanishes!
Deactivating autopickup; reactivate with Ctrl-A.
Put on which piece of jewellery? (? for menu, Esc to quit)
You're wearing all the rings you can.
Remove which one? (? for menu, Esc to cancel) < or
l - a ring of poison resistance; > or
v - a ring of magical power You remove your ring of poison resistance.
You feel sick.
The killer bee stings you but does no damage.
The shadow strikes at you from the darkness!
You die...

#...##........# #....## #.#
##............# #.....# #.#
#.#..<###...##
#.....###.#####....####...#
.........................#
.......##....#.#####..###
#+#..#..##.##.#.# .#
#.#..#.y##{##.#.#
#..†..†yy@....#.#
#######.####.[# #.# ..# #.y
... ..yy #### ..... #......
#......#


You could see 3 killer bees.

Vanquished Creatures
  2 two-headed ogres
  A centaur zombie (D:10)
  2 hippogriffs
  Sigmund (D:2)
  2 hungry ghosts
  2 steam dragons
  Menkaure (D:6)
  A soldier ant (D:9)
  A water moccasin (D:7)
  2 phantoms
  2 orc warriors
  An eye of draining (D:10)
  2 black bears
  5 ogres
  3 ice beasts
  4 centaurs
  3 crocodiles
  A big kobold (D:8)
  6 bullfrogs
  A wyvern zombie (D:8)
  A water moccasin zombie (D:7)
  3 scorpions
  3 killer bees (D:11)
  4 wights
  2 electric eels (D:10)
  2 howler monkeys (D:10)
  A crimson imp (D:6)
  3 jellies
  5 orc priests
  2 centaur skeletons
  7 orc wizards
  A bullfrog skeleton (D:4)
  5 hounds
  Jessica (D:2)
  Ijyb (D:2)
  An iguana (D:6)
  6 worker ants
  4 big kobold zombies (Ossuary)
  2 hound zombies (D:6)
  2 mummies (Ossuary)
  A worker ant zombie (D:5)
  3 gnolls (D:9)
  12 adders
  3 shadow imps
  2 oozes
  3 adder zombies
  2 adder skeletons
  4 worms
  3 dart slugs
  3 leopard geckos
  35 orcs
  2 ball pythons
  7 giant cockroaches
  2 gnoll zombies (Ossuary)
  3 goblins
  12 hobgoblins
  8 jackals
  6 quokkas
  5 bats
  5 frilled lizards
  2 goblin zombies (Ossuary)
  A hobgoblin zombie (Ossuary)
  11 kobolds
  5 orc zombies (Ossuary)
  2 quokka skeletons
  2 quokka zombies
  5 rats
248 creatures vanquished.

Vanquished Creatures (collateral kills)
  A howler monkey (D:9)
1 creature vanquished.

Vanquished Creatures (others)
  A plant (D:10)
1 creature vanquished.

Grand Total: 250 creatures vanquished

Notes
Turn   | Place    | Note
-------+----------+-------------------------------------------
     0 | D:1      | Asddderdsw the Demigod Earth Elementalist began the quest for the Orb.
     0 | D:1      | Reached XP level 1. HP: 14/14 MP: 5/5
   451 | D:1      | Reached XP level 2. HP: 12/20 MP: 4/7
   459 | D:1      | Learned a level 2 spell: Passwall
   498 | D:1      | Reached skill level 3 in Earth Magic
   838 | D:1      | Upgraded the game from 0.20-a0-567-gab3eba1 to 0.20-a0-577-g60d8699
  1066 | D:2      | Reached XP level 3. HP: 23/26 MP: 7/9
  1080 | D:2      | Learned a level 3 spell: Stone Arrow
  1133 | D:2      | Noticed Jessica
  1138 | D:2      | Killed Jessica
  1257 | D:2      | Noticed Sigmund
  1447 | D:3      | Reached XP level 4. HP: 32/34 MP: 8/10
  2067 | D:3      | Noticed plsesad's ghost (amateur FoHu)
  2202 | D:4      | Got a bloodstained scale mail
  2213 | D:4      | Identified the +5 scale mail of Resonance {rElec Regen+ Str-5 Slay+3} (You found it on level 4 of the Dungeon)
  2239 | D:4      | Noticed an ogre
  2293 | D:4      | Reached skill level 1 in Fighting
  2352 | D:4      | Got a transparent hunting sling
  2365 | D:4      | Identified the +5 hunting sling "Arbiter" {velocity, MP+9 Int+4} (You found it on level 4 of the Dungeon)
  2544 | D:5      | Entered Level 5 of the Dungeon
  2558 | D:5      | Noticed an ogre
  2724 | D:4      | Killed an ogre
  2724 | D:4      | Reached skill level 1 in Maces & Flails
  2724 | D:4      | Reached skill level 1 in Slings
  2724 | D:4      | Reached skill level 1 in Shields
  2724 | D:4      | Reached XP level 5. HP: 40/40 MP: 1/12
  2739 | D:4      | Found a white marble altar of Elyvilon.
  2758 | D:4      | Reached skill level 1 in Conjurations
  2759 | D:4      | Noticed an ogre
  2880 | D:4      | Killed an ogre
  2880 | D:4      | Reached XP level 6. HP: 47/47 MP: 9/13
  2958 | D:4      | Found a deep blue altar of Sif Muna.
  2999 | D:4      | Learned a level 4 spell: Petrify
  3756 | D:2      | Found a burning altar of Makhleb.
  3756 | D:2      | Noticed Ijyb
  3787 | D:2      | Killed Ijyb
  3931 | D:2      | Killed Sigmund
  3931 | D:2      | Reached XP level 7. HP: 53/53 MP: 14/15
  4501 | D:5      | Found a shattered altar of Ashenzari.
  4731 | D:5      | Reached skill level 4 in Earth Magic
  5074 | D:6      | Reached XP level 8. HP: 47/61 MP: 7/17
  5167 | D:6      | Learned a level 5 spell: Lee's Rapid Deconstruction
  5229 | D:6      | Found a shimmering altar of Xom.
  5520 | D:6      | Noticed Menkaure
  5544 | D:6      | Killed Menkaure
  5658 | D:6      | Reached skill level 5 in Earth Magic
  5799 | D:5      | Found a staircase to the Ecumenical Temple.
  5824 | D:5      | Got a ruby-encrusted chain mail
  5835 | D:5      | Identified the +2 chain mail of Roycs {+Fly rF- Regen+ Dex+3} (You found it on level 5 of the Dungeon)
  5848 | Temple   | Entered the Ecumenical Temple
  6639 | D:7      | Noticed a hippogriff
  6651 | D:6      | Killed a hippogriff
  6748 | D:7      | Reached XP level 9. HP: 40/68 MP: 2/19
  6856 | D:7      | Found a sand-covered staircase.
  6892 | Ossuary  | Entered an ossuary
  6895 | Ossuary  | Learned a level 1 spell: Animate Skeleton
  6897 | Ossuary  | Learned a level 1 spell: Apportation
  7097 | D:7      | Reached skill level 5 in Shields
  7190 | D:7      | Reached skill level 5 in Spellcasting
  7346 | D:7      | Found a hide-covered altar of Uskayaw.
  7355 | D:7      | Found a snail-covered altar of Cheibriados.
  7425 | D:8      | Reached skill level 6 in Earth Magic
  7641 | D:8      | Noticed a two-headed ogre
  7644 | D:8      | Killed a two-headed ogre
  8525 | D:9      | Noticed a two-headed ogre
  8565 | D:9      | Noticed RayJames's ghost (novice HuFi)
  8573 | D:9      | Killed a two-headed ogre
  8573 | D:9      | Reached XP level 10. HP: 22/77 MP: 2/22
  8877 | D:9      | Found a runed door.
  8991 | D:9      | Reached skill level 1 in Transmutations
  9038 | D:10     | Entered Level 10 of the Dungeon
  9087 | D:10     | Found a staircase to the Orcish Mines.
  9526 | D:10     | Reached skill level 5 in Maces & Flails
  9587 | D:10     | Reached skill level 7 in Earth Magic
 10428 | D:11     | Found a shadowy altar of Dithmenos.
 10526 | D:11     | Gained mutation: Your spells are a little harder to cast, but a little more powerful. [potion of beneficial mutation]
 10532 | D:11     | Demolished by a shadow

Vault maps used:
D:1:      lightli_arrival_windingriver
D:2:      bloody_makhleb, uniq_sigmund, uniq_iyjb, uniq_jessica
D:3:      first_bread, corexii_hall_statues_l, hangedman_abyss_or_decor_stabs,
          nrook_mini_vaults, grunt_ministairs_11, kennysheep_generic_room_2
D:4:      marbit_many_paths, lemuel_doored_altar
D:5:      evilmike_ruin_ashenzari, temple_pool_b, guppyfry_early_orc_mine
D:6:      basic_altar, uniq_menkaure
D:7:      nicolae_overflow_hidden_temple, nicolae_ossuary_entry_ruins,
          st_stairs_5
D:8:      kennysheep_steamy
D:9:      cheibrodos_histonic, grunt_ogre_cave, minmay_curled_crystal
D:10:     orc_0_dummy, serial_bayou, serial_bayou_crossing,
          serial_bayou_lagoon_a, serial_bayou_shore_a, serial_bayou_ford_a,
          serial_bayou_shore_b
D:11:     lair_entry_dummy, nicolae_trove_entry_columns, basic_altar, uniq_grum,
          uniq_psyche, uniq_josephine
Temple:   eino_temple_scatter_basement
Ossuary:  minmay_ossuary_gauntlet

Skill      XL: |  1  2  3  4  5  6  7  8  9 10 |
---------------+-------------------------------+-----
Dodging        | 2 3 4 |  4.7
Spellcasting   | 2 3 4 5 6 |  6.4
Earth Magic    | 3 4 5 6 7 |  7.1
Stealth        | 2 3 4 |  4.2
Fighting       | 1 2 3 |  3.6
Maces & Flails | 1 2 3 4 5 |  5.4
Slings         | 1 |  1.0
Shields        | 1 2 3 4 6 |  6.3
Conjurations   | 1 2 3 4 |  4.6
Transmutations | 1 |  1.1
Armour         | |  0.3

Action                   |  1- 3 |  4- 6 |  7- 9 | 10-12 || total
-------------------------+-------+-------+-------+-------++-------
Melee: Unarmed           |     5 |       |       |       ||     5
       Club              |    31 |       |       |       ||    31
       Mace              |    13 |   103 |    49 |       ||   165
       Flail             |       |       |   199 |    71 ||   270
 Fire: Hunting sling     |       |     8 |       |       ||     8
 Cast: Sandblast         |    20 |     7 |    10 |       ||    37
       Stone Arrow       |     2 |    37 |   111 |    53 ||   203
       Passwall          |       |     1 |     1 |       ||     2
       Lee's Rapid Decon |       |       |    12 |    10 ||    22
       Petrify           |       |       |     1 |     1 ||     2
       Animate Skeleton  |       |       |     1 |       ||     1
  Use: Scroll            |     2 |       |    10 |     2 ||    14
       Potion            |       |     3 |     2 |     4 ||     9
 Stab: Sleeping          |     1 |     1 |     3 |     1 ||     6
       Petrified         |       |       |     3 |       ||     3
       Distracted        |       |       |       |     1 ||     1
  Eat: Chunk             |     2 |     8 |    19 |     8 ||    37
       Bread ration      |       |     1 |     2 |       ||     3
       Royal jelly       |       |       |     1 |       ||     1
       Fruit             |       |       |       |     2 ||     2
Armor: Robe              |    11 |    33 |    11 |       ||    55
       Scale mail        |       |     4 |       |    12 ||    16
       Steam dragon scal |       |       |    61 |    46 ||   107
Dodge: Dodged            |    34 |    78 |   197 |    83 ||   392
Block: Buckler           |     4 |    28 |    74 |    26 ||   132
